 Dungeon Crawl Stone Soup version 0.31-a0-656-gb4d89c20fa (webtiles) character file.

Game seed: 2000662570193655565

371 XavTav the Chopper (level 6, -1/55 HPs)
             Began as a Minotaur Fighter on Aug 30, 2023.
             Slain by a water moccasin (7 damage)
             ... on level 4 of the Dungeon.
             The game lasted 00:04:50 (2563 turns).

XavTav the Chopper (Minotaur Fighter)               Turns: 2563, Time: 00:04:50

Health: -1/55      AC:  9    Str: 20    XL:     6   Next: 42%
Magic:  5/5        EV: 10    Int:  5    God:
Gold:   132        SH:  5    Dex: 12    Spells: 5/5 levels left

rFire   . . .        a - +1 war axe
rCold   . . .        c - +0 buckler
rNeg    . . .        b - +0 scale mail
rPois   .            (helmet restricted)
rElec   .            j - +1 cloak
rCorr   .            (no gloves)
SInv    +            (no boots)
Will    .....        (no amulet) Stlth
                     n - ring of see invisible
HPRegen 0.29/turn    (no ring)
MPRegen 0.09/turn

%: no passive effects
@: lethally poisoned (-1 -> -10)
A: horns 2, retaliatory headbutt
a: no special abilities


You were on level 4 of the Dungeon.
You visited 1 branch of the dungeon, and saw 4 of its levels.

You collected 132 gold pieces.

Inventory:

Hand Weapons
 a - a +1 war axe (weapon)
Missiles
 f - 6 poisoned darts
 q - 3 boomerangs
Armour
 b - a +0 scale mail (worn)
 c - a +0 buckler (worn)
 h - a +0 cloak
 j - a +1 cloak (worn)
Jewellery
 n - a ring of see invisible (left hand)
Scrolls
 g - a scroll of teleportation
Potions
 d - 2 potions of might
 e - a potion of heal wounds
 k - 2 potions of attraction
 o - a potion of brilliance


   Skills:
 + Level 4.9 Fighting
 + Level 5.7 Axes
 + Level 5.1 Armour
 + Level 1.8 Dodging
 + Level 0.3 Stealth
 + Level 4.2 Shields


You had 5 spell levels left.
You didn't know any spells.
Your spell library was empty.

Dungeon Overview and Level Annotations

Branches:
Dungeon (4/15)
 Temple: D:4-7

Altars:


Innate Abilities, Weirdness & Mutations

You have a pair of horns on your head.
You reflexively headbutt those who attack you in melee.


Message History

The kobold hits you with a +0 short sword.
You slash the water moccasin!
Your headbutt misses the water moccasin.
The water moccasin is heavily wounded.
You hit the kobold.
You kill the kobold!
You block the water moccasin's attack.
The water moccasin bites you but does no damage.
You closely miss the water moccasin.
The water moccasin is heavily wounded.
The water moccasin bites you.
The water moccasin bites you but does no damage.
You hit the water moccasin. You headbutt the water moccasin.
The water moccasin is heavily wounded.
The water moccasin bites you.
You are poisoned.
The water moccasin poisons you!
You hit the water moccasin but do no damage.
The water moccasin is heavily wounded.
You feel very sick. The water moccasin bites you.
You are lethally poisoned!
The water moccasin poisons you! The water moccasin bites you.
You miss the water moccasin.
The water moccasin is heavily wounded.
* * * LOW HITPOINT WARNING * * *
You feel very sick.
The water moccasin bites you but does no damage. x2
You barely miss the water moccasin.
Your headbutt misses the water moccasin.
The water moccasin is heavily wounded.
* * * LOW HITPOINT WARNING * * *
You feel very sick.
The water moccasin bites you but does no damage.
You miss the water moccasin.
The water moccasin is heavily wounded.
* * * LOW HITPOINT WARNING * * *
You feel very sick. The water moccasin bites you!
You die...

... #...# #.###
#.# ## #.### ...
....... #.####
#.# .#.#. #.....
#.# ... #...##
#.# #.# ##..# #.#
##.## #..#
#.####..)####.##.
#..#
#......@S........
>...
#.####...####.##.
#...# # #.# ##†##
#...# #. ##.##
#..# #.#...###.##
#......##.# #
#.......#.# #
#.......#.# #
#.#...#.#.#


You could see a water moccasin.

Vanquished Creatures
  An ice beast (D:4)
  A howler monkey (D:4)
  Natasha (thrice) (D:2)
  Terence (D:3)
  Ijyb (D:4)
  3 gnolls (D:4)
  2 adders (D:2)
  2 worms (D:2)
  2 dart slugs (D:1)
  An orc (D:3)
  4 ball pythons (D:1)
  7 bats
  8 endoplasms
  A giant cockroach (D:3)
  5 hobgoblins
  3 jackals (D:1)
  A quokka (D:2)
  3 frilled lizards
  2 goblins
  2 kobolds
  5 rats
58 creatures vanquished.

Notes
Turn   | Place    | Note
-------+----------+-------------------------------------------
     0 | D:1      | XavTav the Minotaur Fighter began the quest for the Orb.
     0 | D:1      | Reached XP level 1. HP: 19/19 MP: 0/0
   203 | D:1      | Reached XP level 2. HP: 27/27 MP: 1/1
   473 | D:1      | Found a faded altar of an unknown god.
   901 | D:2      | Reached XP level 3. HP: 33/33 MP: 2/2
  1214 | D:2      | Noticed Natasha
  1221 | D:2      | Killed Natasha
  1222 | D:2      | Reached XP level 4. HP: 24/40 MP: 3/3
  1786 | D:2      | Noticed Natasha
  1796 | D:2      | Killed Natasha
  1925 | D:2      | Noticed Natasha
  1929 | D:2      | Killed Natasha
  1930 | D:2      | Reached skill level 1 in Dodging
  1930 | D:2      | Reached XP level 5. HP: 47/47 MP: 4/4
  2164 | D:3      | Noticed Terence
  2173 | D:3      | Killed Terence
  2522 | D:4      | Noticed an ice beast
  2524 | D:4      | Noticed Ijyb
  2528 | D:4      | Killed an ice beast
  2529 | D:4      | Reached skill level 5 in Axes
  2529 | D:4      | Reached XP level 6. HP: 40/55 MP: 5/5
  2543 | D:4      | Reached skill level 5 in Armour
  2546 | D:4      | Noticed a water moccasin
  2549 | D:4      | Killed Ijyb
  2563 | D:4      | Slain by a water moccasin

Illustrated notes

Levels and vault maps discovered:
D:1:      elethiomel_arrival_maze, layout_basic,
          chequers_ecumenical_altar_simple
D:2:      layout_basic, uniq_natasha
D:3:      layout_rooms, uniq_terence
D:4:      layout_loops_ring, mainiacjoe_overflow_brackets, enter_ossuary_2,
          uniq_ijyb

Skill      XL: |  1  2  3  4  5  6 |
---------------+-------------------+-----
Axes           | 3 4 5 |  5.7
Armour         | 4 5 |  5.1
Shields        | 4 |  4.2
Fighting       | 4 |  4.9
Dodging        | 1 |  1.8
Stealth        | |  0.3

Action                     |  1- 3 |  4- 6 || total
---------------------------+-------+-------++-------
  Melee: War axe           |    59 |    66 ||   125
         Headbutt          |     9 |    13 ||    22
    Use: Scroll            |       |     8 ||     8
 Armour: Scale mail        |    46 |    44 ||    90
  Dodge: Dodged            |    27 |    46 ||    73
  Block: Buckler           |    13 |    23 ||    36

Table legend: (Time is in decaauts)
 A = Elapsed time spent in this place.
 B = Non-inter-level travel time spent in this place.
 C = Inter-level travel time spent in this place.
 D = Time resting spent in this place.
 E = Time spent auto-exploring this place.
 F = Levels seen in this place.
 G = Mean time per level.
                   A        B        C        D        E       F      G
               +--------+--------+--------+--------+--------+-----+--------+
         Total |   2602 |   2602 |      0 |      0 |   1900 |   4 |  650.5 |
       Dungeon |   2602 |   2602 |      0 |      0 |   1900 |   4 |  650.5 |
               +--------+--------+--------+--------+--------+-----+--------+

Top non-repeatable levels by time:
     D:2: 1187 daAuts
     D:1: 838 daAuts
     D:3: 378 daAuts
     D:4: 196 daAuts
